| TOP OF THE 1ST |
|
Idaho Falls Chukars batting - Pitching for Lowell Spinners : LHP Eric Del Sordo
|
|
Pitching: LHP Eric Del Sordo
|
|
|
Batting: RHB Chad Sullivan
|
0-0: Ball 1-0: Called Strike 1-1: Swinging Strike 1-2: Foul Ball, location: 2F 1-2: Ball 2-2: Ball 3-2: Foul Ball, location: 2F 3-2: Strikes out swinging
|
|
Batting: RHB Eric Erickson
|
0-0: Called Strike 0-1: Bunt missed! 0-2: Fly out, F8 (Flyball, 8LM, EV 90.0 MPH)
|
|
Batting: RHB Edite Leoni
|
0-0: Ball 1-0: Ball 2-0: Fly out, F7 (Line Drive, 7D, EV 105.0 MPH)
|
| Top of the 1st over - 0 runs, 0 hits, 0 errors, 0 left on base; Idaho Falls 0 - Lowell 0 |
| BOTTOM OF THE 1ST |
|
Lowell Spinners batting - Pitching for Idaho Falls Chukars : RHP Travis Stump
|
|
Pitching: RHP Travis Stump
|
|
|
Batting: RHB Nick Cottrell
|
0-0: Foul Ball, location: 2F 0-1: SINGLE (Line Drive, 56D, EV 95.0 MPH)
|
|
Batting: LHB Nelis Geurts
|
0-0: Ball 1-0: Reached on error, E6 (Groundball, 56, EV 90.6 MPH) Nick Cottrell to second
|
|
Batting: RHB Guillermo Quintero
|
0-0: Swinging Strike 0-1: Swinging Strike 0-2: Strikes out swinging
|
|
Batting: LHB Noel Young
|
0-0: Foul Ball, location: 2F 0-1: Ball 1-1: Ball 2-1: Ball 3-1: Swinging Strike 3-2: Foul Ball, location: 2F 3-2: Foul Ball, location: 2F 3-2: SINGLE (Flyball, 4D, EV 93.1 MPH) Nick Cottrell to third Nelis Geurts to second Runner from 3rd tries for Home, throw by CF and OUT! 8-2
|
|
Batting: RHB Tommy Boudreaux
|
0-0: Fly out, F9 (Flyball, 9, EV 80.6 MPH)
|
| Bottom of the 1st over - 0 runs, 2 hits, 1 error, 2 left on base; Idaho Falls 0 - Lowell 0 |
| TOP OF THE 2ND |
|
Idaho Falls Chukars batting - Pitching for Lowell Spinners : LHP Eric Del Sordo
|
|
Batting: RHB Ken Postlethwaite
|
0-0: Called Strike 0-1: Swinging Strike 0-2: Foul Ball, location: 2F 0-2: Ball 1-2: Strikes out looking
|
|
Batting: RHB Jeremy Haun
|
0-0: Ball 1-0: Foul Ball, location: 2F 1-1: Ball 2-1: Swinging Strike 2-2: Foul Ball, location: 2F 2-2: Strikes out swinging
|
|
Batting: RHB Nate De Jongh
|
0-0: Foul Ball, location: 2F 0-1: Swinging Strike 0-2: Strikes out swinging passed ball, reaches first!
|
|
Batting: RHB Kevin Allen
|
0-0: Called Strike 0-1: Ball 1-1: Ball 2-1: Foul Ball, location: 2F 2-2: Strikes out looking
|
| Top of the 2nd over - 0 runs, 0 hits, 0 errors, 1 left on base; Idaho Falls 0 - Lowell 0 |
| BOTTOM OF THE 2ND |
|
Lowell Spinners batting - Pitching for Idaho Falls Chukars : RHP Travis Stump
|
|
Batting: LHB Danny Montoya
|
0-0: Ball 1-0: Foul Ball, location: 2F 1-1: Ball 2-1: Ball 3-1: Base on Balls
|
|
Pitching: RHP Tony Jimenez
|
|
|
Batting: RHB Joel Vazquez
|
0-0: Ball 1-0: Reached on error, E6 (Groundball, 6, EV 90.6 MPH) Danny Montoya to second
|
|
Batting: RHB Josh Helman
|
0-0: Ball 1-0: Called Strike 1-1: Swinging Strike 1-2: Foul Ball, location: 2F 1-2: SINGLE (Line Drive, 8RS, EV 101.9 MPH) Danny Montoya to third Joel Vazquez to second
|
|
Batting: RHB Bobby Schimke
|
0-0: Swinging Strike 0-1: Ball 1-1: Ball 2-1: Called Strike 2-2: Ball 3-2: Foul Ball, location: 2F 3-2: Base on Balls Danny Montoya scores Joel Vazquez to third Josh Helman to second
|
|
Batting: RHB Nick Cottrell
|
0-0: Called Strike 0-1: Ball 1-1: Foul Ball, location: 2F 1-2: Foul Ball, location: 2F 1-2: SINGLE (Groundball, 4M, EV 103.8 MPH) (infield hit) Joel Vazquez scores Josh Helman to third Bobby Schimke to second
|
|
Pitching: RHP Rich Frontczak
|
|
|
Batting: LHB Nelis Geurts
|
0-0: Ball 1-0: Called Strike 1-1: Ball 2-1: Foul Ball, location: 2F 2-2: Foul Ball, location: 2F 2-2: Ball 3-2: Foul Ball, location: 2F 3-2: Base on Balls Josh Helman scores Bobby Schimke to third Nick Cottrell to second
|
|
Batting: RHB Guillermo Quintero
|
0-0: Ball 1-0: Ball 2-0: Called Strike 2-1: Ball 3-1: Swinging Strike Passed Ball! Bobby Schimke scores Nick Cottrell to third Nelis Geurts to second 3-2: Base on Balls
|
|
Batting: LHB Noel Young
|
0-0: Ball 1-0: Ball 2-0: Ball Wild Pitch! Nick Cottrell scores Nelis Geurts to third Guillermo Quintero to second 3-0: Base on Balls
|
|
Batting: RHB Tommy Boudreaux
|
0-0: Swinging Strike 0-1: Ball 1-1: Ball 2-1: Swinging Strike 2-2: SINGLE (Flyball, 56D, EV 86.3 MPH) Nelis Geurts scores Guillermo Quintero to third Noel Young to second
|
|
Batting: LHB Danny Montoya
|
0-0: Foul Ball, location: 2F 0-1: Foul Ball, location: 2F 0-2: Ball 1-2: SINGLE (Flyball, 7LS, EV 93.8 MPH) Guillermo Quintero scores Noel Young to third Tommy Boudreaux to second
|
|
Batting: RHB Joel Vazquez
|
0-0: Ball 1-0: Ball 2-0: Ball 3-0: Base on Balls Noel Young scores Tommy Boudreaux to third Danny Montoya to second
|
|
Batting: RHB Josh Helman
|
0-0: Called Strike 0-1: Called Strike 0-2: Ball 1-2: Ball 2-2: Strikes out swinging
|
|
Batting: RHB Bobby Schimke
|
0-0: Ball 1-0: Ball 2-0: Foul Ball, location: 2F 2-1: Ball 3-1: Base on Balls Tommy Boudreaux scores Danny Montoya to third Joel Vazquez to second
|
|
Batting: RHB Nick Cottrell
|
0-0: DOUBLE (Groundball, 5L, EV 102.5 MPH) Danny Montoya scores Joel Vazquez scores Bobby Schimke to third Runner from 3rd tries for Home, SAFE, no throw by LF
|
|
Pitching: LHP Randy Stapleton
|
|
|
Batting: LHB Nelis Geurts
|
0-0: Called Strike 0-1: Ball Wild Pitch! Nick Cottrell to third 1-1: Ground out 4-3 (Groundball, 4, EV 78.1 MPH) Nick Cottrell scores
|
|
Batting: RHB Guillermo Quintero
|
0-0: Called Strike 0-1: SOLO HOME RUN (Flyball, 7LD, EV 102.5 MPH), Distance : 371 ft
|
|
Batting: LHB Noel Young
|
0-0: Ball 1-0: Ball 2-0: Called Strike 2-1: Called Strike 2-2: Foul Ball, location: 2F 2-2: Strikes out looking
|
| Bottom of the 2nd over - 14 runs, 6 hits, 1 error, 0 left on base; Idaho Falls 0 - Lowell 14 |
| TOP OF THE 3RD |
|
Idaho Falls Chukars batting - Pitching for Lowell Spinners : LHP Eric Del Sordo
|
|
Batting: RHB Eric Dyer
|
0-0: Foul Ball, location: 2F 0-1: Swinging Strike 0-2: Ball 1-2: Ball 2-2: Fly out, F5 (Flyball, 56D, EV 91.9 MPH)
|
|
Batting: RHB Ben Minge
|
0-0: Foul Ball, location: 2F 0-1: Swinging Strike 0-2: Strikes out swinging
|
|
Batting: RHB Chad Sullivan
|
0-0: Foul Ball, location: 2F 0-1: Swinging Strike 0-2: Ball 1-2: Strikes out swinging
|
| Top of the 3rd over - 0 runs, 0 hits, 0 errors, 0 left on base; Idaho Falls 0 - Lowell 14 |
| BOTTOM OF THE 3RD |
|
Lowell Spinners batting - Pitching for Idaho Falls Chukars : LHP Randy Stapleton
|
|
Batting: RHB Tommy Boudreaux
|
0-0: SINGLE (Flyball, 6D, EV 93.8 MPH)
|
|
Batting: LHB Danny Montoya
|
0-0: Ball 1-0: Ball Wild Pitch! Tommy Boudreaux to second 2-0: Ball 3-0: Called Strike 3-1: Foul Ball, location: 2F 3-2: Base on Balls
|
|
Pitching: RHP Timotheus Cooper
|
|
|
Batting: RHB Joel Vazquez
|
0-0: Ball 1-0: Foul Ball, location: 2F 1-1: Foul Ball, location: 2F 1-2: Fly out, F7 (Line Drive, 7, EV 90.6 MPH)
|
|
Batting: RHB Josh Helman
|
0-0: Called Strike 0-1: Ball 1-1: Called Strike 1-2: Ball 2-2: Ball 3-2: Base on Balls Tommy Boudreaux to third Danny Montoya to second
|
|
Batting: RHB Bobby Schimke
|
0-0: Ball 1-0: Swinging Strike Balk! Tommy Boudreaux scores Danny Montoya to third Josh Helman to second 1-1: Foul Ball, location: 2F 1-2: Ball 2-2: Ball 3-2: Base on Balls
|
|
Batting: RHB Nick Cottrell
|
0-0: Ball 1-0: Swinging Strike 1-1: DOUBLE (Groundball, 5L, EV 99.4 MPH) Danny Montoya scores Josh Helman scores Bobby Schimke to third
|
|
Pitching: LHP John Wagner
|
|
|
Batting: LHB Nelis Geurts
|
0-0: Foul Ball, location: 2F 0-1: Called Strike 0-2: Ball 1-2: Ball Wild Pitch! Bobby Schimke scores Nick Cottrell to third 2-2: Ball 3-2: Foul Ball, location: 2F 3-2: Base on Balls
|
|
Batting: RHB Guillermo Quintero
|
Balk! Nick Cottrell scores Nelis Geurts to second 0-0: Ball 1-0: Swinging Strike 1-1: Ball 2-1: Called Strike 2-2: TRIPLE (Flyball, 89XD, EV 104.4 MPH) Nelis Geurts scores
|
|
Batting: LHB Noel Young
|
0-0: Ball 1-0: Fly out, F5 (Popup, 56, EV 54.4 MPH)
|
|
Batting: RHB Tommy Boudreaux
|
0-0: Swinging Strike 0-1: Called Strike Balk! Guillermo Quintero scores 0-2: Strikes out swinging
|
| Bottom of the 3rd over - 7 runs, 3 hits, 0 errors, 0 left on base; Idaho Falls 0 - Lowell 21 |
| TOP OF THE 4TH |
|
Idaho Falls Chukars batting - Pitching for Lowell Spinners : LHP Eric Del Sordo
|
|
Batting: RHB Eric Erickson
|
0-0: Ball 1-0: Ball 2-0: Ground out 6-3 (Groundball, 6, EV 81.9 MPH)
|
|
Batting: RHB Edite Leoni
|
0-0: Ball 1-0: Ball 2-0: Called Strike 2-1: Swinging Strike 2-2: SINGLE (Groundball, 56D, EV 105.0 MPH)
|
|
Batting: RHB Ken Postlethwaite
|
0-0: Foul Ball, location: 2F 0-1: Fly out, F9 (Line Drive, 9, EV 91.3 MPH)
|
|
Batting: RHB Jeremy Haun
|
0-0: Ball 1-0: Called Strike 1-1: Ball 2-1: Foul Ball, location: 2F 2-2: SINGLE (Groundball, 6MD, EV 93.8 MPH) Edite Leoni to second
|
|
Batting: RHB Nate De Jongh
|
0-0: Swinging Strike 0-1: Ball 1-1: Called Strike 1-2: Foul Ball, location: 2F 1-2: Foul Ball, location: 2F 1-2: Foul Ball, location: 2F 1-2: Foul Ball, location: 2F 1-2: Strikes out swinging
|
| Top of the 4th over - 0 runs, 2 hits, 0 errors, 2 left on base; Idaho Falls 0 - Lowell 21 |
| BOTTOM OF THE 4TH |
|
Lowell Spinners batting - Pitching for Idaho Falls Chukars : LHP John Wagner
|
|
Batting: LHB Danny Montoya
|
0-0: Ball 1-0: Ball 2-0: Ball 3-0: Called Strike 3-1: Base on Balls
|
|
Batting: RHB Joel Vazquez
|
0-0: Fielders Choice at 2nd, 3-6 (Groundball, 34, EV 85.0 MPH)
|
|
Batting: RHB Josh Helman
|
0-0: Ball 1-0: Ball 2-0: Ball 3-0: Called Strike 3-1: Base on Balls Joel Vazquez to second
|
|
Batting: RHB Bobby Schimke
|
0-0: Called Strike 0-1: Ball 1-1: Called Strike 1-2: Ball 2-2: Ball Balk! Joel Vazquez to third Josh Helman to second 3-2: Base on Balls
|
|
Batting: RHB Nick Cottrell
|
0-0: Ball 1-0: Ball 2-0: Swinging Strike 2-1: Called Strike 2-2: Strikes out swinging
|
|
Batting: LHB Nelis Geurts
|
0-0: SINGLE (Groundball, 4D, EV 94.4 MPH) Joel Vazquez scores Josh Helman to third Bobby Schimke to second Runner from 3rd tries for Home, SAFE, throw by RF to home
|
|
Batting: RHB Guillermo Quintero
|
0-0: Ball 1-0: Ball 2-0: Ball 3-0: Called Strike Balk! Bobby Schimke to third Nelis Geurts to second 3-1: SINGLE (Flyball, 4D, EV 88.1 MPH) Bobby Schimke scores Nelis Geurts to third Runner from 3rd tries for Home, throw by RF and OUT! 9-2
|
| Bottom of the 4th over - 3 runs, 2 hits, 0 errors, 1 left on base; Idaho Falls 0 - Lowell 24 |
| TOP OF THE 5TH |
|
Idaho Falls Chukars batting - Pitching for Lowell Spinners : LHP Eric Del Sordo
|
|
Batting: RHB Kevin Allen
|
0-0: Called Strike 0-1: Ball 1-1: Ball 2-1: Swinging Strike 2-2: Strikes out swinging
|
|
Batting: RHB Eric Dyer
|
0-0: Ball 1-0: Ball 2-0: Swinging Strike 2-1: Foul Ball, location: 2F 2-2: Ball 3-2: Strikes out swinging
|
|
Batting: RHB Ben Minge
|
0-0: Ball 1-0: Ball 2-0: Called Strike 2-1: Foul Ball, location: 2F 2-2: Foul Ball, location: 2F 2-2: Fly out, F7 (Flyball, 7LM, EV 90.6 MPH)
|
| Top of the 5th over - 0 runs, 0 hits, 0 errors, 0 left on base; Idaho Falls 0 - Lowell 24 |
| BOTTOM OF THE 5TH |
|
Lowell Spinners batting - Pitching for Idaho Falls Chukars : LHP John Wagner
|
|
Batting: LHB Noel Young
|
0-0: Ball 1-0: Ball 2-0: Ball 3-0: Called Strike 3-1: Base on Balls
|
|
Batting: RHB Tommy Boudreaux
|
0-0: Ball 1-0: SINGLE (Groundball, 6MS, EV 66.9 MPH) (infield hit) Noel Young to second
|
|
Batting: LHB Danny Montoya
|
0-0: Foul Ball, location: 2F Balk! Noel Young to third Tommy Boudreaux to second Balk! Noel Young scores Tommy Boudreaux to third 0-1: Ball Balk! Tommy Boudreaux scores 1-1: Ground out 4-3 (Groundball, 4, EV 103.1 MPH)
|
|
Batting: RHB Joel Vazquez
|
0-0: Ball 1-0: Ball 2-0: Ball 3-0: Base on Balls
|
|
Batting: RHB Josh Helman
|
0-0: Called Strike 0-1: Reached on error, E6 (Groundball, 6, EV 84.4 MPH) Joel Vazquez to second
|
|
Batting: RHB Bobby Schimke
|
0-0: Fielders Choice at 2nd, 6-4 (Groundball, 6M, EV 83.1 MPH) Joel Vazquez to third
|
|
Batting: RHB Nick Cottrell
|
0-0: Called Strike 0-1: Ball 1-1: Ball 2-1: Foul Ball, location: 2F 2-2: Foul Ball, location: 2F 2-2: Strikes out swinging
|
| Bottom of the 5th over - 2 runs, 1 hit, 1 error, 2 left on base; Idaho Falls 0 - Lowell 26 |
| TOP OF THE 6TH |
|
Idaho Falls Chukars batting - Pitching for Lowell Spinners : LHP Eric Del Sordo
|
|
Batting: RHB Chad Sullivan
|
0-0: Ball 1-0: Ball 2-0: Ball 3-0: Base on Balls
|
|
Batting: RHB Eric Erickson
|
0-0: Called Strike 0-1: Called Strike 0-2: Strikes out swinging
|
|
Batting: RHB Edite Leoni
|
0-0: Called Strike 0-1: Foul Ball, location: 2F 0-2: Strikes out swinging
|
|
Batting: RHB Ken Postlethwaite
|
0-0: Swinging Strike 0-1: Called Strike 0-2: Ball Pickoff Throw to First - Error! E1 Chad Sullivan to second 1-2: Foul Ball, location: 2F 1-2: Strikes out looking
|
| Top of the 6th over - 0 runs, 0 hits, 1 error, 1 left on base; Idaho Falls 0 - Lowell 26 |
| BOTTOM OF THE 6TH |
|
Lowell Spinners batting - Pitching for Idaho Falls Chukars : LHP John Wagner
|
|
Batting: LHB Nelis Geurts
|
0-0: Called Strike 0-1: Fly out, F8 (Flyball, 8RM, EV 89.4 MPH)
|
|
Batting: RHB Guillermo Quintero
|
0-0: Fly out, F4 (Popup, 4S, EV 71.3 MPH)
|
|
Batting: LHB Noel Young
|
0-0: Ball 1-0: Ball 2-0: Ball 3-0: Base on Balls
|
|
Batting: RHB Tommy Boudreaux
|
0-0: Swinging Strike 0-1: SINGLE (Line Drive, 8LS, EV 91.3 MPH) Noel Young to second
|
|
Batting: LHB Danny Montoya
|
0-0: Ball 1-0: Foul Ball, location: 2F 1-1: SINGLE (Line Drive, 4D, EV 95.6 MPH) Noel Young to third Tommy Boudreaux to second
|
|
Batting: RHB Joel Vazquez
|
0-0: Ball 1-0: Called Strike 1-1: Called Strike 1-2: Ball 2-2: Foul Ball, location: 2F Balk! Noel Young scores Tommy Boudreaux to third Danny Montoya to second 2-2: Ball 3-2: Base on Balls
|
|
Batting: RHB Josh Helman
|
0-0: Called Strike 0-1: Fielders Choice at 2nd, 6-4 (Groundball, 6, EV 102.5 MPH)
|
| Bottom of the 6th over - 1 run, 2 hits, 0 errors, 3 left on base; Idaho Falls 0 - Lowell 27 |
| TOP OF THE 7TH |
|
Idaho Falls Chukars batting - Pitching for Lowell Spinners : LHP Eric Del Sordo
|
|
Batting: RHB Jeremy Haun
|
0-0: Ball 1-0: Fly out, F8 (Line Drive, 8LM, EV 95.6 MPH)
|
|
Pitching: RHP Josh Graham
|
|
|
Batting: RHB Nate De Jongh
|
0-0: Called Strike 0-1: Called Strike 0-2: Foul Ball, location: 2F 0-2: Ball 1-2: Foul Ball, location: 2F 1-2: Foul Ball, location: 2F 1-2: Ball 2-2: Foul Ball, location: 2F 2-2: Ball 3-2: Strikes out swinging
|
|
Batting: RHB Kevin Allen
|
0-0: Ball 1-0: Called Strike 1-1: Swinging Strike 1-2: Foul Ball, location: 2F 1-2: Strikes out swinging
|
| Top of the 7th over - 0 runs, 0 hits, 0 errors, 0 left on base; Idaho Falls 0 - Lowell 27 |
| BOTTOM OF THE 7TH |
|
Lowell Spinners batting - Pitching for Idaho Falls Chukars : LHP John Wagner
|
|
Batting: RHB Bobby Schimke
|
0-0: SINGLE (Line Drive, 4MD, EV 98.1 MPH)
|
|
Batting: RHB Nick Cottrell
|
0-0: Foul Ball, location: 2F 0-1: Foul Ball, location: 2F 0-2: Fly out, F5 (Popup, 56, EV 66.9 MPH)
|
|
Batting: LHB Nelis Geurts
|
0-0: Ball Balk! Bobby Schimke to second 1-0: Ground out U3 (Groundball, 3, EV 90.0 MPH) Bobby Schimke to third
|
|
Batting: RHB Guillermo Quintero
|
0-0: Fly out, F3 (Popup, 23F, EV 91.3 MPH)
|
| Bottom of the 7th over - 0 runs, 1 hit, 0 errors, 1 left on base; Idaho Falls 0 - Lowell 27 |
| TOP OF THE 8TH |
|
Idaho Falls Chukars batting - Pitching for Lowell Spinners : RHP Josh Graham
|
|
Batting: RHB Eric Dyer
|
0-0: Ball 1-0: Swinging Strike 1-1: Ball 2-1: Swinging Strike 2-2: Foul Ball, location: 2F 2-2: Strikes out looking
|
|
Batting: RHB Ben Minge
|
0-0: Called Strike 0-1: Foul Ball, location: 2F 0-2: Ball 1-2: Strikes out swinging
|
|
Batting: RHB Chad Sullivan
|
0-0: Ground out 5-3 (Groundball, 56, EV 103.1 MPH)
|
| Top of the 8th over - 0 runs, 0 hits, 0 errors, 0 left on base; Idaho Falls 0 - Lowell 27 |
| BOTTOM OF THE 8TH |
|
Lowell Spinners batting - Pitching for Idaho Falls Chukars : LHP John Wagner
|
|
Batting: LHB Noel Young
|
0-0: SINGLE (Groundball, 4D, EV 102.5 MPH)
|
|
Batting: RHB Tommy Boudreaux
|
0-0: Ball 1-0: Grounds into double play, 4-6-3 (Groundball, 4, EV 105.6 MPH)
|
|
Batting: LHB Danny Montoya
|
0-0: Ground out 4-3 (Groundball, 4M, EV 78.1 MPH)
|
| Bottom of the 8th over - 0 runs, 1 hit, 0 errors, 0 left on base; Idaho Falls 0 - Lowell 27 |
| TOP OF THE 9TH |
|
Idaho Falls Chukars batting - Pitching for Lowell Spinners : RHP Josh Graham
|
|
Batting: RHB Eric Erickson
|
0-0: Called Strike 0-1: Ball 1-1: Called Strike 1-2: Strikes out swinging
|
|
Batting: RHB Edite Leoni
|
0-0: Ball 1-0: Foul Ball, location: 2F 1-1: Foul Ball, location: 2F 1-2: Strikes out swinging
|
|
Batting: RHB Ken Postlethwaite
|
0-0: Ball 1-0: Called Strike 1-1: Called Strike 1-2: Strikes out swinging
|
| Top of the 9th over - 0 runs, 0 hits, 0 errors, 0 left on base; Idaho Falls 0 - Lowell 27 |
|